 Dungeon Crawl Stone Soup version 0.28.0-53-g5a82cb258f (webtiles) character file.

Game seed: 3533505342341438347

28 Descartes the Stinger (level 3, -6/22 HPs)
             Began as an Octopode Venom Mage on June 28, 2022.
             Mangled by Sigmund
             ... wielding a +0 scythe
              (13 damage)
             ... on level 2 of the Dungeon.
             The game lasted 00:03:40 (2000 turns).

Descartes the Stinger (Octopode Venom Mage)         Turns: 2000, Time: 00:03:42

Health: -6/22      AC:  1    Str:  9    XL:     3   Next: 12%
Magic:  5/6        EV: 13    Int: 17    God:
Gold:   35         SH:  0    Dex: 12    Spells: 5/6 levels left

rFire   + . .      SeeInvis .   f - +0 dagger
rCold   . . .      Faith    .   (no shield)
rNeg    . . .      Spirit   .   (helmet restricted)
rPois   .          Reflect  .   (no amulet)
rElec   .          Harm     .   g - ring of protection from fire
rCorr   .          Rampage  .   (no ring)
Will    .....                   (no ring)
Stlth   +++.......              (no ring)
HPRegen 0.07/turn               (no ring)
MPRegen 0.10/turn               (no ring)
                                (no ring)
                                (no ring)

@: no status effects
A: almost no armour, amphibious, 8 rings, camouflage 1, gelatinous body 1,
(nimble swimmer 1), tentacles
a: no special abilities


You were on level 2 of the Dungeon.
You visited 1 branch of the dungeon, and saw 2 of its levels.

You collected 35 gold pieces.

Inventory:

Hand Weapons
 f - a +0 dagger (weapon)
Missiles
 a - 60 stones
Jewellery
 g - a ring of protection from fire (left tentacle)
Scrolls
 e - 4 scrolls of teleportation {unknown}
 h - a scroll of enchant armour {unknown}
Potions
 b - 2 potions of mutation {unknown}
 c - a potion of heal wounds {unknown}
 d - 2 potions of berserk rage {unknown}


   Skills:
 + Level 0.7 Fighting
 + Level 2.2 Dodging
 + Level 3.2 Stealth
 + Level 2.2 Spellcasting
 + Level 0.3 Conjurations
 + Level 1.3 Transmutations
 + Level 0.2 Air Magic
 + Level 3.8 Poison Magic


You had 5 spell levels left.
You knew the following spells:

 Your Spells              Type           Power      Damage    Failure   Level
a - Sting                 Tmut/Pois      40%        1d5       6%          1

Your spell library contained the following spells:

 Spells                   Type           Power      Damage    Failure   Level
 Poisonous Vapours        Pois/Air       16%        N/A       12%         2
 Mephitic Cloud           Conj/Pois/Air  6%         N/A       30%         3
 Olgreb's Toxic Radiance  Pois           15%        N/A       36%         4
 Summon Guardian Golem    Hex/Summ       1%         N/A       50%         3
 Airstrike                Air            1%         N/A       86%         4
 Summon Lightning Spire   Summ/Air       2%         N/A       87%         4
 Lightning Bolt           Conj/Air       1%         1d12      99%         5
 Orb of Destruction       Conj           1%         9d5       100%        7
 Spellforged Servitor     Conj/Summ      1%         N/A       100%        7


Dungeon Overview and Level Annotations

Branches:
Dungeon (2/15)

Altars:

Annotations:
D:2 Sigmund


Innate Abilities, Weirdness & Mutations

You cannot wear most types of armour.
You are amphibious.
You can wear up to eight rings at the same time.
Your skin changes colour to match your surroundings (Stealth+).
Your rubbery body absorbs attacks. (AC +1, EV +1)
((You are camouflaged when in or above water. (Stealth+)))
You have tentacles for arms and can constrict up to eight enemies at once.


Message History

A goblin comes into view. It is wielding a +0 club.
Found 10 gold pieces.
Found 6 sling bullets.
Casting: Sting (safe; 7% risk of failure)
Confirm with . or Enter, or press ? or * to list all spells.
Aiming: Sting (safe; 7% risk of failure)
Press: ? - help, Shift-Dir - straight line, f - giant cockroach
Aim: a giant cockroach (71% to hit)
The sting hits the giant cockroach.
The giant cockroach is poisoned.
The giant cockroach is almost dead.
The goblin shouts!
You kill the giant cockroach!
You closely miss the goblin. Your grab misses the goblin.
The goblin hits you with a +0 club.
Casting: Sting (safe; 6% risk of failure)
Confirm with . or Enter, or press ? or * to list all spells.
Aiming: Sting (safe; 6% risk of failure)
Press: ? - help, Shift-Dir - straight line, f - goblin
Aim: a goblin, wielding a +0 club (64% to hit)
The sting hits the goblin.
The goblin is poisoned.
You kill the goblin!
h - a scroll labelled FUIX DIOSTIBOY
a - 60 stones (gained 17) Sigmund the Dreaded comes into view.
He is wielding a +0 scythe.
Sigmund drinks a potion.
Sigmund seems to speed up.
Sigmund hits you with a +0 scythe!
Ouch! That really hurt!
Sigmund closely misses you. Sigmund gestures at you while chanting.
The puff of flame hits you. You resist.
Casting: Sting (safe; 6% risk of failure)
Confirm with . or Enter, or press ? or * to list all spells.
Aiming: Sting (safe; 6% risk of failure)
Press: ? - help, Shift-Dir - straight line, f - Sigmund
Aim: Sigmund, wielding a +0 scythe and wearing a +0 robe (fast, 68% to hit)
The sting hits Sigmund.
Sigmund is poisoned.
Sigmund is lightly wounded.
Sigmund hits you from afar with a +0 scythe!
Ouch! That really hurt!
You die...

..#....#######.
######.## #.. #..#
#.# ##.##
##.######. #..####
.........
##....####.......
##.....#...)..#
#...>.....####.#
##...†...@.@....#
#............####
#............#
.......).........#
.#####........?.##
##...##.../#
....####.#.. ##..#
...... #..$


You could see Sigmund (fast, poisoned).

Vanquished Creatures
  A worm (D:2)
  A dart slug (D:1)
  3 endoplasms (D:1)
  3 giant cockroaches
  2 goblins
  A hobgoblin (D:1)
  2 kobolds (D:1)
  2 quokkas
  A ball python (D:1)
  A bat (D:1)
  3 rats (D:1)
20 creatures vanquished.

Notes
Turn   | Place    | Note
-------+----------+-------------------------------------------
     0 | D:1      | Descartes the Octopode Venom Mage began the quest for the
                  | Orb.
     0 | D:1      | Reached XP level 1. HP: 11/11 MP: 3/3
   800 | D:1      | Reached XP level 2. HP: 17/17 MP: 3/5
  1815 | D:2      | Reached XP level 3. HP: 17/22 MP: 3/6
  1991 | D:2      | Noticed Sigmund
  2000 | D:2      | Mangled by Sigmund

Illustrated notes

Levels and vault maps discovered:
D:1:      dpeg_arrival_water_temple_mockup, layout_basic,
          minmay_misc_feat_square, amcnicky_mini_rare_corridor_liquid,
          st_stairs_9
D:2:      layout_rooms, basic_altar, uniq_sigmund

Skill      XL: |  1  2 |
---------------+-------+-----
Stealth        | 3 |  3.2
Fighting       | |  0.7
Dodging        | |  2.2
Spellcasting   | |  2.2
Conjurations   | |  0.3
Transmutations | |  1.3
Air Magic      | |  0.2
Poison Magic   | |  3.8

Action                   || total
-------------------------++-------
Melee: Unarmed           ||     9
       Constrict         ||     6
       Tentacles         ||     5
       Dagger            ||    26
 Cast: Sting             ||    21
 Stab: Sleeping          ||     4
Armor: Skin              ||     2
Dodge: Dodged            ||    19
